 Dungeon Crawl Stone Soup version 0.20.1-1-g8b1a95d (webtiles) character file.

109 Knicklaso the Chucker (level 4, 0/41 HPs)
             Began as a Troll Hunter on July 19, 2017.
             Slain by Sigmund
             ... wielding a +2 scythe of slicing
              (4 damage)
             ... on level 4 of the Dungeon.
             The game lasted 00:04:15 (1688 turns).

Knicklaso the Chucker (Troll Hunter)                Turns: 1688, Time: 00:04:16

Health: 0/41       AC:  5    Str: 20    XL:     4   Next: 59%
Magic:  3/3        EV: 10    Int:  7    God:
Gold:   124        SH:  0    Dex: 11    Spells: 3/3 levels left

rFire    . . .     SeeInvis .     - Unarmed
rCold    . . .     Gourm    +   (no shield)
rNeg     . . .     Faith    .   b - +0 robe
rPois    .         Spirit   .   (helmet restricted)
rElec    .         Reflect  .   (no cloak)
rCorr    .         Harm     .   (gloves unavailable)
MR       .....                  (boots unavailable)
Stlth    +.........             (no amulet)
Regen    0.6/turn               (no ring)
MPRegen  0.1/turn               (no ring)

@: no status effects
A: unfitting armour, claws 3, fast metabolism 3, gourmand, regeneration 1,
shaggy fur 1, tough skin 2
a: no special abilities


You were on level 4 of the Dungeon.
You were not hungry.

You visited 1 branch of the dungeon, and saw 4 of its levels.

You collected 124 gold pieces.

Inventory:

Missiles
 c - 2 large rocks (quivered)
 d - 2 throwing nets
 t - 5 javelins
Armour
 b - a +0 robe (worn)
Jewellery
 m - an uncursed ring of wizardry {unknown}
 o - an uncursed ring of poison resistance {unknown}
Scrolls
 a - 4 scrolls of fear {unknown}
 l - 2 scrolls of remove curse {unknown}
 p - a scroll of teleportation {unknown}
 q - a scroll of enchant weapon {unknown}
 r - a scroll of blinking {unknown}
Potions
 e - 2 potions of heal wounds {unknown}
 i - 3 potions of mutation {unknown}
 j - a potion of flight {unknown}
 k - 2 potions of curing {unknown}
 n - a potion of haste {unknown}
Comestibles
 f - 4 bread rations
 g - 2 meat rations
 h - 3 royal jellies


   Skills:
 - Level 1.5 Fighting
 + Level 4.6 Throwing
 - Level 1.5 Dodging
 - Level 0.3 Stealth
 + Level 2.9 Unarmed Combat


You had 3 spell levels left.
You didn't know any spells.

Dungeon Overview and Level Annotations

Branches:
Dungeon (4/15)
 Temple: D:4-7

Altars:

Annotations:
D:4 Sigmund


Innate Abilities, Weirdness & Mutations

You are too large for most types of armour.
You have claws for hands.
Your metabolism is lightning-fast.
You like to eat raw meat.
Your natural rate of healing is unusually fast.
You are covered in fur. (AC +1)
You have very tough skin. (AC +2)


Message History

You're too confused to move!
Sigmund mumbles some strange words.
Sigmund flickers and vanishes!
Deactivating autopickup; reactivate with Ctrl-A.
You bump into the rock wall.
You feel less confused. The ogre barely misses you.
You barely miss the ogre. The ogre hits you with a giant club!
You barely miss the ogre. The ogre hits you with a giant club!
* * * LOW HITPOINT WARNING * * *
You claw the ogre!
The ogre is moderately wounded.
Something hits you but does no damage.
Throwing (i - inventory. (,) - cycle):
c - 3 large rocks (quivered)
Press: ? - help, Shift-Dir - straight line, f - ogre
Aim: an ogre, wielding a giant club (moderately wounded)
You throw a large rock. The large rock hits the ogre!
The ogre is heavily wounded.
The ogre closely misses you. Something hits you.
You die...

#....# .. #.##.#
.# #.# .. #.# .##
#.##### .(#
##.....# #.#
#<####.####.###.#
#.# #.#..{.....#
#.#
#@#.##.##.%..#
#+#
#.O.#........#
#####.#.#...(# ..
.# ...# .## ..
..# .. #.. .# #.
.. # #. ...


You could see an ogre.

Vanquished Creatures
  Jessica (D:2)
  An iguana (D:4)
  An adder (D:2)
  An ooze (D:2)
  A worm (D:2)
  2 dart slugs (D:1)
  2 leopard geckos
  5 bats
  A giant cockroach (D:1)
  3 goblins (D:1)
  3 hobgoblins
  A quokka (D:3)
  4 frilled lizards
  10 kobolds
  6 rats
42 creatures vanquished.

Notes
Turn   | Place    | Note
-------+----------+-------------------------------------------
     0 | D:1      | Knicklaso the Troll Hunter began the quest for the Orb.
     0 | D:1      | Reached XP level 1. HP: 19/19 MP: 0/0
    96 | D:1      | Reached skill level 1 in Unarmed Combat
   145 | D:1      | Reached XP level 2. HP: 27/27 MP: 1/1
   580 | D:1      | Reached skill level 4 in Throwing
   731 | D:2      | Reached XP level 3. HP: 33/33 MP: 2/2
   790 | D:2      | Noticed Jessica
   801 | D:2      | Killed Jessica
  1103 | D:2      | Reached XP level 4. HP: 40/41 MP: 3/3
  1673 | D:4      | Noticed Sigmund
  1675 | D:4      | Noticed an ogre
  1688 | D:4      | Slain by Sigmund

Skill      XL: |  1  2  3 |
---------------+----------+-----
Unarmed Combat | 1 2 |  2.9
Throwing       | 4 |  4.6
Fighting       | |  1.5
Dodging        | |  1.5
Stealth        | |  0.3

Action                   |  1- 3 |  4- 6 || total
-------------------------+-------+-------++-------
Melee: Unarmed           |    80 |    39 ||   119
Throw: Javelin           |       |     4 ||     4
       Large rock        |       |     3 ||     3
 Stab: Sleeping          |     1 |       ||     1
  Eat: Chunk             |    10 |     5 ||    15
Armor: Robe              |    27 |    16 ||    43
Dodge: Dodged            |    33 |    21 ||    54
